 Dungeon Crawl Stone Soup version 0.30-a0-414-gcb316572d5 (webtiles) character file.

Game seed: 17225066313183946908

36891 p00ps00p the Severer (level 13, 0/125 HPs)
             Began as a Hill Orc Fighter on Dec 8, 2022.
             Was an Initiate of Gozag.
             Killed from afar by a fire dragon (15 damage)
             ... with a blast of flame
             ... on level 15 of the Dungeon.
             The game lasted 00:34:16 (18844 turns).

p00ps00p the Severer (Hill Orc Fighter)            Turns: 18844, Time: 00:34:17

Health: 0/125      AC: 22    Str: 24    XL:     13   Next: 93%
Magic:  13/13      EV: 10    Int: 13    God:    Gozag
Gold:   761        SH: 12    Dex: 13    Spells: 12/12 levels left

rFire   + . .      SeeInvis .    a - +5 war axe
rCold   . . .      Faith    .    C - +0 kite shield
rNeg    + . .      Spirit   .    l - +1 plate armour {rF+}
rPois   +          Reflect  .    c - +1 helmet of Tugif {Rampage Int+5 Dex+3}
rElec   .          Harm     .    e - +0 cloak
rCorr   .          Rampage  +    (no gloves)
Will    +++..      Clarity  +    s - +0 pair of boots
Stlth   ..........               d - amulet of the Four Winds {rN+ Will+++ Clar}
HPRegen 0.40/turn                F - +4 ring of evasion
MPRegen 0.13/turn                h - +4 ring of slaying

@: about to teleport
A: fangs 1, berserk 1, poison resistance
a: Renounce Religion, Potion Petition, Call Merchant, Bribe Branch


You were on level 15 of the Dungeon.
You worshipped Gozag.
Gozag was pleased with you.
You visited 3 branches of the dungeon, and saw 17 of its levels.
You also visited: Sewer.

You collected 4993 gold pieces.
You spent 3074 gold pieces at shops.
You paid 1158 gold pieces to Gozag.

Inventory:

Hand Weapons
 a - a +5 war axe (weapon)
Missiles
 j - 3 throwing nets
 m - 18 poisoned darts (quivered)
Armour
 c - the +1 helmet of Tugif (worn) {Rampage Int+5 Dex+3}
   (You bought it in a shop on level 10 of the Dungeon)

   Int:       It affects your intelligence (+5).
   Dex:       It affects your dexterity (+3).
   Rampage:   It bestows one free step when moving towards enemies.
 e - a +0 cloak (worn)
 k - the +3 pair of gloves of Prudence {-Tele Will+ Stlth+}
   (You bought it in a shop on level 2 of the Orcish Mines)

   -Tele:     It prevents most forms of teleportation.
   Will:      It increases your willpower.
   Stlth:     It makes you more stealthy.
 l - a +1 plate armour of fire resistance (worn)
 s - a +0 pair of boots (worn)
 C - a +0 kite shield (worn)
Jewellery
 d - the amulet of the Four Winds (around neck) {rN+ Will+++ Clar}
   (You bought it in a shop on level 1 of the Orcish Mines)

   [amulet of nothing]

   rN:        It protects you from negative energy.
   Clar:      It protects you against confusion.
   Will:      It greatly increases your willpower.
 h - a +4 ring of slaying (right hand)
 i - the ring "Afuyvege" {Ice Will- Str+6}
   (You took it off an orc knight on level 11 of the Dungeon)

   [ring of ice]

   It enhances your ice magic.
   Str:       It affects your strength (+6).
   rF:        It makes you vulnerable to fire.
   rC:        It protects you from cold.
   Will:      It decreases your willpower.
 F - a +4 ring of evasion (left hand)
Wands
 w - a wand of polymorph (5)
 A - a wand of flame (5)
 B - a wand of charming (9)
Scrolls
 f - 5 scrolls of teleportation
 g - a scroll of summoning
 r - a scroll of magic mapping
 t - 2 scrolls of fear
 y - a scroll of poison
Potions
 b - 3 potions of magic
 o - a potion of brilliance
 p - a potion of ambrosia
 q - a potion of cancellation
 u - a potion of degeneration
 v - 3 potions of resistance
 x - 3 potions of flight
 z - 3 potions of curing


   Skills:
 + Level 14.5 Fighting
 + Level 19.1 Axes
 + Level 13.3 Armour
 + Level 13.4 Shields


You had 12 spell levels left.
You didn't know any spells.
Your spell library contained the following spells:

 Spells                   Type           Power      Damage    Failure   Level
 Apportation              Tloc           0%         N/A       99%         1
 Necrotise                Necr           0%         1d4       99%         1
 Shock                    Conj/Air       0%         1d3       99%         1
 Summon Small Mammal      Summ           0%         N/A       99%         1
 Swiftness                Air            0%         N/A       100%        3
 Airstrike                Air            0%         2d(0-16)  100%        4
 Cause Fear               Hex            0%         N/A       100%        4
 Summon Forest            Summ/Tloc      0%         N/A       100%        5
 Eringya's Noxious Bog    Tmut/Pois      0%         N/A       100%        6
 Dragon Form              Tmut           0%         N/A       100%        7
 Summon Hydra             Summ           0%         N/A       100%        7
 Dragon's Call            Summ           0%         N/A       100%        9


Dungeon Overview and Level Annotations

Branches:
Dungeon (13/15)            Temple (1/1) D:4            Lair (0/5) D:10
    Orc (2/2) D:11            Elf (0/3) Orc:2         Sewer (visited)
 Vaults: D:13-14

Altars:
Ashenzari
Cheibriados
Dithmenos
Elyvilon
Fedhas
Gozag
Hepliaklqana
Kikubaaqudgha
Makhleb
Nemelex Xobeh
Okawaru
Qazlal
Ru
Sif Muna
Trog
Uskayaw
Vehumet
Wu Jian
Xom
Yredelemnul
Zin
The Shining One

Shops:
D:2 (   D:4 *   D:8 :!   D:10 [   Orc:1 =   Orc:2 (*(*

Annotations:
D:7 1 runed translucent door, Skryme's ghost, novice TrDe


Innate Abilities, Weirdness & Mutations

You have very sharp teeth.
You sometimes lose your temper in combat.
Your system is resistant to poisons. (rPois)


Message History

The fire dragon is moderately wounded.
The fire dragon misses you. The fire dragon closely misses you.
The fire dragon tramples you.
* * * LOW HITPOINT WARNING * * *
You stumble backwards!
You barely miss the fire dragon.
The fire dragon is moderately wounded.
You closely miss the fire dragon.
The fire dragon is moderately wounded.
You block the fire dragon's attack. x2
The fire dragon tramples you but does no damage.
You hit the fire dragon.
The fire dragon is moderately wounded.
The fire dragon breathes flames at you. The blast of flame hits you!!
You resist.
* * * LOW HITPOINT WARNING * * *
Unknown command.
You feel much better. You block the fire dragon's attack.
The fire dragon claws you.
* * * LOW HITPOINT WARNING * * *
You block the fire dragon's attack.
As you read the scroll of teleportation, it crumbles to dust.
You feel strangely unstable. You block the fire dragon's attack.
The fire dragon claws you!
* * * LOW HITPOINT WARNING * * *
The fire dragon tramples you!
* * * LOW HITPOINT WARNING * * *
You stumble backwards!
The fire dragon attacks as you move away!
You block the fire dragon's attack.
The fire dragon claws you but does no damage.
You block the fire dragon's attack.
The fire dragon attacks as you move away!
The fire dragon bites you.
* * * LOW HITPOINT WARNING * * *
You block the fire dragon's attack. The fire dragon misses you.
The fire dragon breathes flames at you. The blast of flame hits you!
You resist.
You die...
Your body crumbles into a pile of gold.

.# #..# #..# .# #..#
#..# .# #..# #..# .#
#..# #..# .# #..# #..# #
.######..####..######..#
........................
..............D.@.......
########################


You could see a fire dragon (catching breath).

Vanquished Creatures
  A stone giant (D:11)
  A yaktaur captain (D:11)
  4 boulder beetles
  2 ogre magi
  A centaur warrior (D:11)
  10 two-headed ogres
  2 deep trolls (Orc:1)
  3 orc knights
  A deep elf pyromancer (D:12)
  An ugly thing (D:12)
  An orc sorcerer (Orc:1)
  A manticore (D:11)
  A faun (shapeshifter) (D:11)
  5 cyclopes
  3 gargoyles
  An unseen horror (D:11)
  Maggie (D:9)
  A komodo dragon (D:10)
  A kobold demonologist (D:12)
  A freezing wraith (D:15)
  17 trolls
  Grinder (D:4)
  6 slime creatures
  A blink frog (shapeshifter) (D:12)
  2 shadows
  2 wraiths (D:11)
  A wyvern (D:9)
  A vampire (D:12)
  4 yaks
  A basilisk (D:12)
  2 steam dragons
  4 vampire mosquitoes (D:12)
  A warg (Orc:1)
  2 water moccasins
  Edmund (D:4)
  2 acid dragons
  An ice beast (D:6)
  A sky beast (D:7)
  19 orc warriors
  4 black bears
  4 centaurs
  22 ogres
  2 phantoms
  Blork the orc (D:4)
  3 kobold brigands
  3 necrophages
  3 gnoll sergeants
  5 scorpions
  8 bullfrogs
  3 wights (D:8)
  12 killer bees
  A lava snake (D:10)
  2 electric eels (D:11)
  A crimson imp (D:5)
  3 jellies
  17 orc priests
  2 hounds
  Terence (D:2)
  17 orc wizards
  Natasha (twice) (D:2)
  2 iguanas
  10 gnolls
  A river rat (Sewer)
  13 adders
  A white imp (D:6)
  2 ufetubi
  9 worms
  6 dart slugs
  63 orcs
  4 bats
  A bat zombie (D:3)
  11 endoplasms
  5 giant cockroaches
  9 goblins
  4 hobgoblins
  4 quokkas
  9 ball pythons
  A frilled lizard (D:1)
  18 kobolds
  13 rats
413 creatures vanquished.

Vanquished Creatures (collateral kills)
  A two-headed ogre (Orc:2)
1 creature vanquished.

Vanquished Creatures (others)
  An unseen horror (D:10)
  8 fungi (D:10)
  43 plants
52 creatures vanquished.

Grand Total: 466 creatures vanquished

Notes
Turn   | Place    | Note
-------+----------+-------------------------------------------
     0 | D:1      | p00ps00p the Hill Orc Fighter began the quest for the Orb.
     0 | D:1      | Reached XP level 1. HP: 19/19 MP: 1/1
    70 | D:1      | Reached skill level 3 in Axes
    70 | D:1      | Reached XP level 2. HP: 27/27 MP: 2/2
   292 | D:1      | Reached XP level 3. HP: 33/33 MP: 3/3
   790 | D:2      | Noticed Terence
   803 | D:2      | Killed Terence
   804 | D:2      | Reached XP level 4. HP: 20/41 MP: 4/4
  1033 | D:2      | Found Geurini's Weapon Emporium.
  1074 | D:2      | Noticed Natasha
  1080 | D:2      | Killed Natasha
  1081 | D:2      | Reached skill level 4 in Axes
  1081 | D:2      | Reached XP level 5. HP: 39/47 MP: 5/5
  1207 | D:2      | Found a basalt altar of Yredelemnul.
  1284 | D:2      | Noticed Natasha
  1297 | D:2      | Killed Natasha
  1663 | D:3      | Reached skill level 5 in Fighting
  1708 | D:3      | Found a glowing drain.
  1749 | Sewer    | Entered a sewer
  1828 | Sewer    | Noticed a kobold brigand
  1836 | Sewer    | Killed a kobold brigand
  1837 | Sewer    | Reached XP level 6. HP: 42/56 MP: 6/6
  1951 | Sewer    | Reached skill level 5 in Axes
  2960 | D:3      | Reached skill level 5 in Armour
  3050 | D:3      | Reached skill level 5 in Shields
  3050 | D:3      | Reached XP level 7. HP: 58/61 MP: 7/7
  3118 | D:3      | Found an ancient bone altar of Kikubaaqudgha.
  3527 | D:3      | Found a faded altar of an unknown god.
  3861 | D:4      | Found a hide-covered altar of Uskayaw.
  3881 | D:4      | Found a staircase to the Ecumenical Temple.
  3881 | D:4      | Noticed Grinder
  3897 | Temple   | Entered the Ecumenical Temple
  3976 | D:4      | Killed Grinder
  3977 | D:4      | Reached skill level 6 in Axes
  4043 | D:4      | Noticed Edmund
  4056 | D:4      | Killed Edmund
  4057 | D:4      | Reached XP level 8. HP: 21/64 MP: 8/8
  4413 | D:4      | Found Wateem's Assorted Antiques.
  4484 | D:4      | Noticed Blork the orc
  4495 | D:4      | Killed Blork the orc
  4696 | D:4      | Found an iron altar of Okawaru.
  4716 | D:5      | Entered Level 5 of the Dungeon
  4765 | D:5      | Found a stormy altar of Qazlal.
  4850 | D:5      | Reached skill level 7 in Axes
  4961 | D:5      | Found a burning altar of Makhleb.
  4961 | D:5      | Found a shimmering altar of Xom.
  4990 | D:5      | Found a snail-covered altar of Cheibriados.
  5262 | D:5      | Found an opulent altar of Gozag.
  5283 | D:5      | Became a worshipper of Gozag Ym Sagoz the Greedy
  5698 | D:6      | HP: 2/73 [orc priest/divine providence (16)]
  5703 | D:6      | Reached XP level 9. HP: 22/80 MP: 9/9
  5889 | D:6      | Reached skill level 8 in Axes
  7023 | D:7      | Reached skill level 9 in Axes
  7157 | D:7      | Found a blossoming altar of Fedhas.
  7170 | D:7      | Found a runed translucent door.
  7171 | D:7      | Found a shimmering altar of Xom.
  7171 | D:7      | Noticed Skryme's ghost (novice TrDe)
  7171 | D:7      | Noticed a +1 falchion of chaos
  7481 | D:7      | Reached XP level 10. HP: 70/91 MP: 10/10
  7649 | D:8      | Found a white marble altar of Elyvilon.
  7669 | D:8      | Found Zeadwag's Book Emporium.
  7811 | D:8      | Reached skill level 10 in Axes
  8398 | D:8      | Found Sips's Distillery.
  8410 | D:8      | Bought a potion of resistance for 130 gold pieces
  8410 | D:8      | Bought a potion of curing for 39 gold pieces
  8410 | D:8      | Bought a potion of curing for 39 gold pieces
  8410 | D:8      | Bought a potion of heal wounds for 65 gold pieces
  8410 | D:8      | Bought a potion of haste for 130 gold pieces
  8410 | D:8      | Bought a potion of curing for 39 gold pieces
  8410 | D:8      | Bought a potion of resistance for 130 gold pieces
  8752 | D:9      | Reached skill level 11 in Axes
  8794 | D:9      | Noticed Maggie
  8801 | D:9      | Killed Maggie
  8802 | D:9      | Reached skill level 10 in Fighting
  9323 | D:9      | Noticed a two-headed ogre
  9335 | D:9      | Killed a two-headed ogre
  9336 | D:9      | Reached skill level 12 in Axes
  9585 | D:9      | Reached XP level 11. HP: 61/101 MP: 11/11
  9866 | D:9      | Noticed a two-headed ogre
  9878 | D:9      | Killed a two-headed ogre
 10039 | D:10     | Entered Level 10 of the Dungeon
 10353 | D:10     | Found a sacrificial altar of Ru.
 10506 | D:10     | Reached skill level 13 in Axes
 10510 | D:10     | Reached skill level 10 in Shields
 10524 | D:10     | Reached skill level 10 in Armour
 10538 | D:10     | Bought a smoking helmet for 247 gold pieces
 10538 | D:10     | Identified the +1 helmet of Tugif {Rampage Int+5 Dex+3}
                  | (You bought it in a shop on level 10 of the Dungeon)
 10818 | D:10     | Found a staircase to the Lair.
 10894 | D:10     | Identified the +2 robe "Eraziy" {Regen+ Int+4}
 10915 | D:10     | Found a shadowy altar of Dithmenos.
 11414 | D:11     | Noticed a manticore
 11425 | D:11     | Killed a manticore
 11581 | D:11     | Identified the +0 ring mail "Mimain" {+Inv Dex+3}
 11606 | D:11     | Found a staircase to the Orcish Mines.
 11642 | D:11     | Noticed a two-headed ogre
 11649 | D:11     | Killed a two-headed ogre
 11689 | D:11     | Found a broken altar of Ashenzari.
 11716 | D:11     | Reached skill level 14 in Axes
 12014 | D:11     | Noticed a boulder beetle
 12017 | D:11     | Noticed a boulder beetle
 12050 | D:11     | Killed a boulder beetle
 12063 | D:11     | Noticed a stone giant
 12076 | D:11     | Noticed a cyclops
 12966 | Orc:1    | Entered Level 1 of the Orcish Mines
 13112 | Orc:1    | Noticed a cyclops
 13121 | Orc:1    | Killed a cyclops
 13215 | Orc:2    | Entered Level 2 of the Orcish Mines
 13301 | D:10     | Bought a shiny plate armour for 676 gold pieces
 13469 | Orc:2    | Noticed an orc sorcerer
 13482 | Orc:1    | Killed an orc sorcerer
 13483 | Orc:1    | Reached skill level 15 in Axes
 13483 | Orc:1    | Reached XP level 12. HP: 103/112 MP: 12/12
 13691 | Orc:2    | Found a staircase to the Elven Halls.
 13733 | Orc:2    | Noticed an ogre mage
 13734 | Orc:2    | Noticed a two-headed ogre
 13758 | Orc:1    | Found a bloodstained altar of Trog.
 14009 | Orc:2    | Noticed a two-headed ogre
 14020 | Orc:1    | Killed a two-headed ogre
 14260 | Orc:1    | Reached skill level 16 in Axes
 14539 | Orc:2    | Noticed a two-headed ogre
 14539 | Orc:2    | Noticed a two-headed ogre
 14540 | Orc:2    | Noticed a two-headed ogre
 15005 | Orc:1    | Killed a two-headed ogre
 15238 | Orc:2    | Noticed a two-headed ogre
 15245 | Orc:1    | Killed a two-headed ogre
 15246 | Orc:1    | Killed a two-headed ogre
 15248 | Orc:1    | Killed a two-headed ogre
 15249 | Orc:1    | Reached skill level 17 in Axes
 15442 | Orc:1    | Killed a two-headed ogre
 15785 | Orc:2    | Noticed an ogre mage
 15802 | Orc:1    | Killed an ogre mage
 15803 | Orc:1    | Reached XP level 13. HP: 101/122 MP: 13/13
 15862 | Orc:2    | Found Fuloid's Antique Weapon Emporium.
 15918 | Orc:2    | Found Voemawk's Weapon Shop.
 15924 | Orc:2    | Found Tuuseon's Assorted Antiques.
 15925 | Orc:2    | Found Weworus's Assorted Antiques.
 15939 | Orc:2    | Paralysed by an ogre mage for 5 turns
 15961 | Orc:2    | Bought a scroll labelled USECSI WUVE for 20 gold pieces
 15961 | Orc:2    | Bought a pair of crude gloves for 190 gold pieces
 15961 | Orc:2    | Identified the +3 pair of gloves of Prudence {-Tele Will+
                  | Stlth+} (You bought it in a shop on level 2 of the Orcish
                  | Mines)
 16358 | Orc:1    | Bought the amulet of the Four Winds {rN+ Will+++ Clar} for
                  | 1031 gold pieces
 16358 | Orc:1    | Found the amulet of the Four Winds {rN+ Will+++ Clar}
 16787 | D:4      | Bought a scroll of summoning for 209 gold pieces
 16787 | D:4      | Bought a fizzy dark potion for 19 gold pieces
 16787 | D:4      | Bought a potion of heal wounds for 110 gold pieces
 16787 | D:4      | Gained mutation: You sometimes lose your temper in combat.
                  | [potion of mutation]
 16787 | D:4      | Gained mutation: Your system is resistant to poisons.
                  | (rPois) [potion of mutation]
 16787 | D:4      | Gained mutation: You have very sharp teeth. [potion of
                  | mutation]
 16891 | D:7      | Reached skill level 18 in Axes
 17100 | D:11     | Killed a stone giant
 17253 | D:11     | Noticed a yaktaur captain
 17262 | D:11     | Killed a yaktaur captain
 17267 | D:11     | Identified the ring "Afuyvege" {Ice Will- Str+6}
 18379 | D:12     | Reached skill level 19 in Axes
 18734 | D:13     | You fall into a shaft and drop 2 floors!
 18734 | D:15     | Entered Level 15 of the Dungeon
 18832 | D:15     | a six-headed hydra changed into a fire dragon
 18832 | D:15     | Noticed a fire dragon
 18844 | D:15     | Killed from afar by a fire dragon

Illustrated notes

Levels and vault maps discovered:
D:1:      lightli_molten_gateway, layout_basic,
          hangedman_abyss_or_decor_lesser_grid, grunt_decor_fettered
D:2:      layout_loops_ring, serial_shops, nicolae_square_shop, basic_altar,
          st_stairs_14, amcnicky_mini_corridor_feature, minmay_misc_feat_rugged,
          uniq_terence, uniq_natasha
D:3:      layout_loops_ring, lemuel_zombie_altar_kikubaaqudgha,
          cheibrodos_sewer_entry_drain,
          dreamdust_ecumenical_altar_hidden_monk_grotto, nicolae_wormholes
D:4:      layout_cave_pools, nicolae_uskayaw_murder_on_the_dancefloor,
          okawaru_altar_gauntlet_db, minmay_temple_entry_drinking_statues,
          serial_shops, kennysheep_little_box, minmay_liquid_box,
          kennysheep_dice, uniq_edmund, uniq_grinder, uniq_blork_the_orc
D:5:      layout_rooms, nicolae_qazlal_general_emergency,
          mainiacjoe_overflow_catch_the_wave,
          grunt_temple_overflow_champion_of_chaos
D:6:      layout_rooms
D:7:      layout_loops_cross, mainiacjoe_overflow_24_doors, ebering_ghost_xom,
          minmay_manual_monstrance
D:8:      layout_basic, mainiacjoe_overflow_brackets, serial_shops,
          nicolae_diamond_shop, nicolae_shop_hallway_plus,
          amcnicky_mini_pool_small
D:9:      layout_roguey, minmay_door_square, uniq_maggie
D:10:     layout_loops_ring, lemuel_crystal_altar,
          mainiacjoe_overflow_cross_hatched, grunt_lair_entry_orc_guard_hut,
          kennysheep_decorative_pillar
D:11:     nzn_winding_woodlands_three_and_one
          [nzn_winding_woodlands_5x15_split_checker,
          nzn_winding_woodlands_5x15_pathside_ponds,
          nzn_winding_woodlands_5x15_cabin,
          nzn_winding_woodlands_center_pierced_h], layout_long_grid,
          nrook_pool_corridor, cheibrodos_ashenzari_chains
D:12:     layout_long_grid
D:13:     layout_grid_maze, hangedman_vaults_entry_quadrant_bands, serial_shops,
          nicolae_shop_bloodbath_and_beyond, drop_trap,
          nicolae_concentric_dashed_squares_wild, xom_redecorated
D:15:     grunt_enter_depths_hoard, layout_small_grid, serial_park_gazebo
          [serial_park_minivault_5x5_5]
Temple:   hellmonk_temple_micro_hex
Orc:1:    layout_caves, trog_butcher_becter
Orc:2:    st_orc_open, layout_caves

Skill      XL: |  1  2  3  4  5  6  7  8  9 10 11 12 13 |
---------------+----------------------------------------+-----
Axes           | 3 4 5 6 7 9 12 15 17 19 | 19.1
Fighting       | 4 5 6 7 9 10 12 13 14 | 14.5
Armour         | 4 5 6 8 9 10 12 13 | 13.3
Shields        | 4 5 6 8 9 11 12 13 | 13.4

Action                   |  1- 3 |  4- 6 |  7- 9 | 10-12 | 13-15 || total
-------------------------+-------+-------+-------+-------+-------++-------
Melee: War axe           |   115 |   234 |   294 |   480 |   271 ||  1394
       Bite              |       |       |       |       |    44 ||    44
Throw: Dart              |       |       |       |       |     1 ||     1
Invok: Call Merchant     |       |       |       |     2 |       ||     2
Evoke: Wand              |       |       |       |     1 |     6 ||     7
  Use: Scroll            |       |     8 |    14 |     6 |     5 ||    33
       Potion            |       |     2 |     5 |    11 |     3 ||    21
 Stab: Distracted        |       |       |       |     6 |     1 ||     7
Armor: Scale mail        |    61 |    92 |    30 |       |       ||   183
       Chain mail        |       |       |   166 |    45 |       ||   211
       Plate armour      |       |       |       |   262 |   132 ||   394
Dodge: Dodged            |    56 |   112 |    99 |   203 |    75 ||   545
Block: Buckler           |    18 |    39 |    64 |    18 |       ||   139
       Kite shield       |       |       |       |   259 |   144 ||   403

Table legend: (Time is in decaauts)
 A = Elapsed time spent in this place.
 B = Non-inter-level travel time spent in this place.
 C = Inter-level travel time spent in this place.
 D = Time resting spent in this place.
 E = Time spent auto-exploring this place.
 F = Levels seen in this place.
 G = Mean time per level.
                   A        B        C        D        E       F      G
               +--------+--------+--------+--------+--------+-----+--------+
         Total |  19039 |  18109 |    930 |   4094 |  10273 |  18 | 1057.7 |
       Dungeon |  14194 |  13290 |    904 |   2370 |   8399 |  14 | 1013.9 |
        Temple |     72 |     72 |      0 |      0 |     71 |   1 |   72.0 |
  Orcish Mines |   3502 |   3476 |     26 |   1724 |    815 |   2 | 1751.0 |
         Sewer |   1269 |   1269 |      0 |      0 |    988 |   1 | 1269.0 |
               +--------+--------+--------+--------+--------+-----+--------+

Top non-repeatable levels by time:
   Orc:1: 2648 daAuts
    D:10: 2200 daAuts
    D:11: 1872 daAuts
     D:9: 1333 daAuts
     D:6: 1306 daAuts
   Sewer: 1269 daAuts
     D:8: 1172 daAuts
     D:3: 1073 daAuts
     D:2: 1055 daAuts
     D:4: 970 daAuts
     D:5: 887 daAuts
     D:7: 870 daAuts
   Orc:2: 853 daAuts
    D:12: 733 daAuts
     D:1: 616 daAuts
